[Event "NJSK 2026 Jeugd B"]
[Site "Helmond, Netherlands"]
[Date "2026.04.27"]
[Round "3.4"]
[White "Teianu, Maxim"]
[Black "Etienne, Ghilon"]
[Result "1-0"]
[TimeControl "90min/40moves + 30min + 30sec/move"]
[WhiteTitle "-"]
[BlackTitle "-"]
[WhiteFideId "40101967"]
[BlackFideId "1084267"]
[WhiteElo "2024"]
[BlackElo "1976"]

1. d4 Nf6 2. c4 g6 3. Nc3 Bg7 4. e4 d6 5. Nf3 O-O 6. Be2 e5 7. Be3 Nc6 8. d5 Ne7 9. Nd2 Ne8 10.
f3 f5 11. c5 dxc5 12. Bxc5 Nd6 13. Qc2 a6 14. O-O-O b6 15. Be3 Bb7 16. Kb1 Qd7 17. Rc1 Kh8 18. Rhd1 Rac8 19. Qb3 h6 20.
Rc2 Ra8 21. Rdc1 Rfc8 22. Bd3 Rab8 23.
Na4 Qd8 24. Rc3 f4 25. Bf2 Ng8 26. Bf1 Nf6 27. g3 g5 28. gxf4 exf4 29. Bd4 Nd7 30. Bxg7+ Kxg7 31. Bh3 Ba8 32.
Qc2 Nb5 33. Rd3 Qe7 34. Nc3 Nd6 35. Bxd7 Qxd7 36. e5 Nf5 37. Nde4 Ne3 38. Qe2 Rd8 39. h4 Qe7 40. hxg5 Qxe5 41.
gxh6+ Kh7 42. Rg1 Rg8 43. Rg7+ Rxg7 44. hxg7 Kxg7 45. Nd1 Nxd5 46. Qg2+ Kf7 47. Ndf2 Rg8 48. Ng4 Qg7 49. Qc2 Re8 50.
Rd2 a5 51. Rh2 Kg8 52. Rg2 1-0

[Event "NJSK 2026 Jeugd B"]
[Site "Helmond, Netherlands"]
[Date "2026.04.27"]
[Round "3.5"]
[White "Hallibert, Emilien"]
[Black "Frederiks, Jesse"]
[Result "1/2-1/2"]
[TimeControl "90min/40moves + 30min + 30sec/move"]
[WhiteTitle "-"]
[BlackTitle "-"]
[WhiteFideId "1092561"]
[BlackFideId "1095790"]
[WhiteElo "1975"]
[BlackElo "2018"]

1. c4 e6 2. Nc3 d5 3. e3 Nf6 4. Nf3 Be7 5. b3 O-O 6. Be2 c5 7. cxd5 exd5 8. d4 Nc6 9. O-O Re8 10.
Bb2 Bf5 11. Rc1 Ne4 12. dxc5 Bf6 13. Nd4 Nxd4 14. exd4 Bg5 15. Rc2 Nxf2 16. Rxf2 Bxc2 17. Qxc2 Be3 18. Bf3 Bxd4 19. Ne2 Bxf2+ 20. Kxf2 Qh4+ 21. Ng3 Rad8 22. Qd2 Re6 23. Qd4 Qxd4+ 24. Bxd4 b6 25. Nf5 bxc5 26. Bxc5 f6 27. b4 Kf7 28.
a4 a6 29. Nd4 Ree8 30. a5 g6 31. b5 axb5 32. Nxb5 Re6 33. Bb6 Rd7 34. Nd4 Red6 35. Bc5 Ra6 36. Bb6 Rd6 37. Bc5 Rd7 38.
Nb3 Kg7 39. Be2 Ra8 40. a6 Rc7 41. Bd4 1/2-1/2

[Event "NJSK 2026 Jeugd B"]
[Site "Helmond, Netherlands"]
[Date "2026.04.27"]
[Round "3.6"]
[White "De Jong, Lode"]
[Black "Winter, Sven"]
[Result "1/2-1/2"]
[TimeControl "90min/40moves + 30min + 30sec/move"]
[WhiteTitle "-"]
[BlackTitle "-"]
[WhiteFideId "40101860"]
[BlackFideId "1092375"]
[WhiteElo "1902"]
[BlackElo "2013"]

1. d4 Nf6 2. c4 b6 3. Nc3 Bb7 4. Qc2 d5 5. cxd5 Nxd5 6. e4 Nxc3 7. bxc3 e6 8. Nf3 Be7 9. Be2 c5 10.
O-O O-O 11. Rd1 cxd4 12. cxd4 Nd7 13.
Bd3 Rc8 14. Qe2 Nf6 15. Bf4 b5 16. d5 exd5 17. e5 Nd7 18. Bxb5 Nc5 19. Nd4 Qb6 20. Nf5 Qe6 21. Qg4 g6 22.
Nxe7+ Qxe7 23. Bh6 Rfd8 24. Bg5 Qxe5 25. Bxd8 Rxd8 26.
Qd4 Qd6 27. Rac1 Rc8 28. Rc2 a6 29. Rdc1 axb5 30. Rxc5 Re8 31. Rxb5 Re4 32. Qd2 Qe7 33. Rcb1 Re2 34. Qb4 Qf6 35.
Rf1 Re4 36. Qb2 Qxb2 37. Rxb2 Ba6 38. Rd1 Bc4 39. f3 Re3 40. Rb8+ Kg7 41. Ra8 Re2 42. Ra1 d4 43. Ra4 Rc2 44.
Rxc4 Rxc4 45. a4 d3 46. Kf2 d2 47. Rd1 1/2-1/2

[Event "NJSK 2026 Jeugd B"]
[Site "Helmond, Netherlands"]
[Date "2026.04.27"]
[Round "3.7"]
[White "Grooten, Tommy"]
[Black "Okita, Shinsaku"]
[Result "1-0"]
[TimeControl "90min/40moves + 30min + 30sec/move"]
[WhiteTitle "-"]
[BlackTitle "-"]
[WhiteFideId "1068806"]
[BlackFideId "1094823"]
[WhiteElo "2347"]
[BlackElo "1899"]

1. d4 d5 2. Nf3 Nf6 3. Bf4 c6 4. e3 Bg4 5. Nbd2 Nbd7 6. h3 Bxf3 7. Qxf3 e6 8. g4 Qb6 9. O-O-O c5 10.
g5 Ng8 11. e4 cxd4 12. exd5 e5 13. Nc4 Qc7 14. d6 Bxd6 15. Rxd4 Kf8 16. Bg3 Be7 17. h4 Rc8 18. Rxd7 Qxd7 19.
Nxe5 Qe8 20. Bb5 Bxg5+ 21. hxg5 Qe6 22. Nd7+ Ke7 23. Qa3+ Kd8 24. Rd1 1-0

[Event "NJSK 2026 Jeugd B"]
[Site "Helmond, Netherlands"]
[Date "2026.04.27"]
[Round "3.8"]
[White "Zecha, Oscar"]
[Black "Van Haaften, Jelle"]
[Result "1-0"]
[TimeControl "90min/40moves + 30min + 30sec/move"]
[WhiteTitle "-"]
[BlackTitle "-"]
[WhiteFideId "1073826"]
[BlackFideId "1096281"]
[WhiteElo "2120"]
[BlackElo "1882"]

1. e4 c6 2. d4 d5 3. e5 Bf5 4. Nd2 e6 5. Nb3 Nd7 6. Nf3 Ne7 7. Be2 Nc8 8. Be3 Be7 9. O-O O-O 10.
Qd2 a6 11. Ne1 Na7 12. Nd3 Bxd3 13. Bxd3 c5 14. Nxc5 Bxc5 15. dxc5 Nxe5 16. Be2 Qh4 17. Bf4 Nc4 18. Bxc4 dxc4 19.
Bg3 Qf6 20. Qb4 c3 21. b3 Nb5 22. Rad1 Rfd8 23. a4 Nd4 24. Qxb7 e5 25. Qe4 Qc6 26. Rxd4 1-0

[Event "NJSK 2026 Jeugd B"]
[Site "Helmond, Netherlands"]
[Date "2026.04.27"]
[Round "3.9"]
[White "Wierenga, Luuk"]
[Black "Roebers, Bregje"]
[Result "1-0"]
[TimeControl "90min/40moves + 30min + 30sec/move"]
[WhiteTitle "-"]
[BlackTitle "-"]
[WhiteFideId "1094874"]
[BlackFideId "1085174"]
[WhiteElo "1977"]
[BlackElo "1945"]

1. d4 g6 2. Nf3 Bg7 3. c3 d6 4. e4 Nf6 5. Bd3 O-O 6. O-O c5 7. h3 Nc6 8. d5 Ne5 9. Nxe5 dxe5 10.
Be3 Qc7 11. Qe2 c4 12. Bxc4 Nxe4 13. Nd2 Nd6 14. Bb3 f5 15. f4 e4 16. Qf2 b6 17. Kh1 e6 18. Bd4 Kh8 19. a4 exd5 20.
Bxd5 Bb7 21. Bb3 Rad8 22. Rfd1 Bxd4 23. Qxd4+ Qg7 24. Nf1 Qxd4 25. Rxd4 Ba6 26. Ne3 Nb7 27. Bd5 Nc5 28. a5 b5 29.
Nc2 Rd6 30. Nb4 Bb7 31. Rad1 Rfd8 32. Kg1 Bxd5 33. Rxd5 Rxd5 34. Rxd5 Rxd5 35. Nxd5 Nb3 36. a6 Kg7 37. Nc7 Nc5 38.
b4 Nd7 39. Nxb5 Kf7 40. Nxa7 Nb6 41. Nb5 Ke7 42. Kf2 Kd7 43. Ke3 Kc6 44. Na3 Nd5+ 45. Kd4 Nxf4 46. b5+ Kb6 47. c4 Ne6+ 48.
Kd5 Nf4+ 49. Kd6 e3 50. c5+ Ka7 51. c6 1-0

[Event "NJSK 2026 Jeugd B"]
[Site "Helmond, Netherlands"]
[Date "2026.04.27"]
[Round "3.10"]
[White "Woldhuis, Marnik"]
[Black "Yantur, Arda"]
[Result "1/2-1/2"]
[TimeControl "90min/40moves + 30min + 30sec/move"]
[WhiteTitle "-"]
[BlackTitle "-"]
[WhiteFideId "1087096"]
[BlackFideId "40102041"]
[WhiteElo "1939"]
[BlackElo "1750"]

1. e3 e5 2. c4 Nf6 3. Nc3 g6 4. d4 exd4 5. exd4 Bg7 6. Qe2+ Qe7 7. Qxe7+ Kxe7 8. Bg5 Re8 9. O-O-O Kf8 10. Bf4 c6 11. Bd6+ Kg8 12.
f3 Na6 13. a3 Re6 14. c5 b5 15. Nh3 Bh6+ 16. Kb1 Ne8 17. Ne4 Nxd6 18.
Nxd6 Nc7 19. Bd3 Ne8 20. d5 cxd5 21. Nxe8 Rxe8 22. Bxb5 Rb8 23. Rhe1 Rxe1 24. Rxe1 Rxb5 25. Re8+ Bf8 26.
Rxc8 Kg7 27. Rc7 Bxc5 28. a4 Bb6 29. Rxd7 Rb4 30. a5 Bd4 31. Nf4 Rxb2+ 32. Kc1 Kf6 33. Rxd5 Rb4 34. Kc2 Be3 35. Ne2 Ke6 36. Rd3 Bf2 37. Ra3 h5 38. Nc3 Ke5 39.
Kd3 Bc5 40. Ra1 Rd4+ 41. Kc2 Rd7 42. Ne4 f5 43. Nxc5 Rc7 44. Ra4 Rxc5+ 45. Kd3 Rd5+ 46. Ke2 f4 47. h4 a6 48. Kf2 Kf5 49.
Kg1 g5 50. hxg5 Kxg5 51. Kh2 Rf5 52. Kh3 Kf6 53. Kh4 Ke6 54. g3 Ke5 1/2-1/2

[Event "NJSK 2026 Jeugd B"]
[Site "Helmond, Netherlands"]
[Date "2026.04.28"]
[Round "4.1"]
[White "Groenewoud, Joel"]
[Black "Chua, Ethan"]
[Result "0-1"]
[TimeControl "90min/40moves + 30min + 30sec/move"]
[WhiteTitle "-"]
[BlackTitle "-"]
[WhiteFideId "1087746"]
[BlackFideId "1089250"]
[WhiteElo "2114"]
[BlackElo "2168"]

1. e4 c5 2. Nf3 Nc6 3. d4 cxd4 4. Nxd4 e5 5. Nb5 d6 6. c4 Be6 7. Bd3 Be7 8. O-O Nf6 9. N5c3 O-O 10.
Nd5 Rc8 11. Nbc3 Nd7 12. Nxe7+ Nxe7 13. Nd5 Nc5 14. Bc2 f5 15. Bg5 Bxd5 16. Bxe7 Qxe7 17. Qxd5+ Qe6 18. exf5 Qxd5 19. cxd5 a5 20.
f3 Kf7 21. Kf2 Rc7 22. g4 Rfc8 23. Ke3 Nd7 24. Be4 Nf6 25.
Rad1 Rc5 26. g5 Nh5 27. h4 Nf4 28. Rh1 g6 29. Rhg1 R8c7 30. a3 Kf8 31. Rh1 Kf7 32. Rhg1 Kg7 33.
Rd2 gxf5 34. Bxf5 Nxd5+ 35. Ke4 Ne7 36. Be6 Rc2 37. Rgg2 Rxd2 38. Rxd2 Rc1 39. Rxd6 Re1+ 0-1

[Event "NJSK 2026 Jeugd B"]
[Site "Helmond, Netherlands"]
[Date "2026.04.28"]
[Round "4.2"]
[White "Baarspul, Bram"]
[Black "Aravindhan, Achyuth"]
[Result "1/2-1/2"]
[TimeControl "90min/40moves + 30min + 30sec/move"]
[WhiteTitle "-"]
[BlackTitle "-"]
[WhiteFideId "40106187"]
[BlackFideId "1084216"]
[WhiteElo "2177"]
[BlackElo "2277"]

1. e4 c5 2. Nf3 Nc6 3. Bb5 g6 4. O-O Bg7 5. c3 a6 6. Bxc6 dxc6 7. d3 Nf6 8. Qc2 O-O 9. Be3 b6 10.
h3 a5 11. a4 Ba6 12. Rd1 Nd7 13. d4 Qc7 14. e5 cxd4 15. cxd4 c5 16. e6 fxe6 17. Qe4 Be2 18. Qxe6+ Kh8 19.
Bf4 Qxf4 20. Qxe2 cxd4 21. Qxe7 Ne5 22. Nbd2 Rae8 23. Qb7 g5 24. Qxb6 h5 25. Re1 g4 26. Nxe5 Rxe5 27. Rxe5 Bxe5 28.
Qg6 Qh2+ 29. Kf1 d3 30. Qxh5+ Kg8 31. Qxg4+ Bg7 32. Qc4+ Kh8 33. Qh4+ Kg8 34. Qc4+ Kh8 35. Qh4+ Kg8 1/2-1/2

[Event "NJSK 2026 Jeugd B"]
[Site "Helmond, Netherlands"]
[Date "2026.04.28"]
[Round "4.3"]
[White "Kurt, Sascha"]
[Black "Grooten, Tommy"]
[Result "0-1"]
[TimeControl "90min/40moves + 30min + 30sec/move"]
[WhiteTitle "-"]
[BlackTitle "-"]
[WhiteFideId "1082647"]
[BlackFideId "1068806"]
[WhiteElo "2280"]
[BlackElo "2347"]

1. e4 c5 2. Nf3 e6 3. d4 cxd4 4. Nxd4 a6 5. Bd3 Bc5 6. Nb3 Ba7 7. Bf4 d6 8. Nc3 e5 9. Bg3 Ne7 10.
Qd2 Be6 11. O-O-O Nbc6 12. Kb1 O-O 13. Nd5 b5 14. f4 f6 15. f5 Bxd5 16. exd5 Nd4 17. Nxd4 Bxd4 18. c3 Bc5 19. Bh4 Qb6 20.
g4 Kh8 21. Be4 b4 22. c4 Bd4 23. Be1 a5 24. h4 Rac8 25. Qe2 Rc7 26. Bd3 Rfc8 27. Bd2 b3 28. a3 Nxd5 29. g5 Nb4 30. Qh5 Nxd3 31. g6 h6 32. Bxh6 gxh6 33. Qxh6+ Kg8 34.
Rxd3 Qc6 35. Rc1 Qe4 36. Qd2 Rxc4 37. Re1 Qxf5 38. h5 Rc2 0-1

[Event "NJSK 2026 Jeugd B"]
[Site "Helmond, Netherlands"]
[Date "2026.04.28"]
[Round "4.4"]
[White "Frederiks, Jesse"]
[Black "Teianu, Maxim"]
[Result "1/2-1/2"]
[TimeControl "90min/40moves + 30min + 30sec/move"]
[WhiteTitle "-"]
[BlackTitle "-"]
[WhiteFideId "1095790"]
[BlackFideId "40101967"]
[WhiteElo "2018"]
[BlackElo "2024"]

1. e4 e6 2. d4 d5 3. Nc3 dxe4 4. Nxe4 Bd7 5. Nf3 Bc6 6. Bd3 Nd7 7. O-O Ngf6 8. Re1 Bxe4 9. Bxe4 Nxe4 10.
Rxe4 Be7 11. Rg4 Bf6 12. h4 c5 13. Bg5 cxd4 14. Bxf6 Qxf6 15. Rxd4 Nb8 16. Ne5 O-O 17. Qe2 Nc6 18.
Nxc6 bxc6 19. c3 Rfd8 20. Rad1 Rxd4 21. Rxd4 Rb8 22. b4 g6 23. Qe4 Rc8 24. Rc4 Rd8 25. g3 Rd2 26. Qe3 Rd1+ 27.
Kg2 Qf5 28. Rc5 Qb1 29. Qf3 Rg1+ 30. Kh2 Qe1 31. Rc4 Rf1 32. Rf4 f5 33. Qxc6 Rxf2+ 34. Rxf2 Qxf2+ 35. Qg2 Qe3 36. c4 f4 37.
gxf4 Qxf4+ 38. Kh3 Qf5+ 39. Kg3 Qe5+ 40. Kh3 Qc3+ 41. Kh2 1/2-1/2

[Event "NJSK 2026 Jeugd B"]
[Site "Helmond, Netherlands"]
[Date "2026.04.28"]
[Round "4.5"]
[White "Winter, Sven"]
[Black "Zecha, Oscar"]
[Result "0-1"]
[TimeControl "90min/40moves + 30min + 30sec/move"]
[WhiteTitle "-"]
[BlackTitle "-"]
[WhiteFideId "1092375"]
[BlackFideId "1073826"]
[WhiteElo "2013"]
[BlackElo "2120"]

1. e4 e5 2. Nf3 Nc6 3. Bc4 Bc5 4. c3 Nf6 5. d3 h6 6. O-O d6 7. b4 Bb6 8. a4 a5 9. b5 Ne7 10.
Nbd2 Ng6 11. Re1 Ng4 12. d4 Qf6 13. Nf1 Nh4 14. h3 Nxf3+ 15. gxf3 Nxf2 16. Kxf2 exd4 17. Ng3 Bxh3 18. Ra3 h5 19.
cxd4 Bxd4+ 20. Be3 Be5 21. Rh1 h4 22. Rxh3 hxg3+ 23. Kg2 Rxh3 24. Kxh3 O-O-O 25. Kg2 Rh8 26. Bg1 Qh6 27. Kf1 Qh3+ 28.
Ke2 Qg2+ 29. Ke3 Rh1 30. f4 Bb2 31. Qf1 Qxf1 0-1

[Event "NJSK 2026 Jeugd B"]
[Site "Helmond, Netherlands"]
[Date "2026.04.28"]
[Round "4.6"]
[White "De Jong, Lode"]
[Black "Wierenga, Luuk"]
[Result "1/2-1/2"]
[TimeControl "90min/40moves + 30min + 30sec/move"]
[WhiteTitle "-"]
[BlackTitle "-"]
[WhiteFideId "40101860"]
[BlackFideId "1094874"]
[WhiteElo "1902"]
[BlackElo "1977"]

1. e4 e5 2. Nf3 Nf6 3. d4 Nxe4 4. dxe5 d5 5. Nbd2 Nxd2 6. Bxd2 Be7 7. Bd3 c5 8. c3 Nc6 9. Qe2 Be6 10.
O-O g5 11. Ne1 Qd7 12. f4 gxf4 13. Bxf4 O-O-O 14. Nf3 Rdg8 15. Bh6 Bh3 16. Rf2 Qe6 17. Be3 Nxe5 18. Nxe5 Qxe5 19. Qd2 Be6 20.
b4 Bg5 21. Re1 Bxe3 22. Rxe3 Qc7 23. Bf5 Qc6 24. Re5 Rd8 25. b5 Qd6 26. Bxe6+ fxe6 27. Qe1 Rhe8 28. Rf6 d4 29. Rfxe6 Rxe6 30.
Rxe6 Qd5 31. cxd4 Qxd4+ 32. Qf2 1/2-1/2

[Event "NJSK 2026 Jeugd B"]
[Site "Helmond, Netherlands"]
[Date "2026.04.28"]
[Round "4.7"]
[White "Woldhuis, Marnik"]
[Black "Hallibert, Emilien"]
[Result "0-1"]
[TimeControl "90min/40moves + 30min + 30sec/move"]
[WhiteTitle "-"]
[BlackTitle "-"]
[WhiteFideId "1087096"]
[BlackFideId "1092561"]
[WhiteElo "1939"]
[BlackElo "1975"]

1. b4 e5 2. Bb2 Bxb4 3. Bxe5 Nf6 4. e3 d5 5. Nf3 c5 6. Be2 Nc6 7. Bb2 O-O 8. O-O Re8 9. d3 Ba5 10.
Nbd2 Bc7 11. c4 dxc4 12. Nxc4 b5 13. Ncd2 Bb7 14. Qb3 a6 15. a4 Rb8 16. axb5 axb5 17. Qxb5 Nd4 18. Nxd4 Qd6 19.
g3 Bg2 20. Kxg2 Rxb5 21. Nxb5 Qc6+ 22. Ne4 Qxb5 23. Bxf6 Qc6 24. Bd1 Rb8 25. Rc1 Bb6 26. Bd4 f5 27. Bb3+ Kh8 28. Bxc5 fxe4 29.
d4 Bxc5 30. Rxc5 Qf6 31. Rfc1 Rf8 32. R5c2 Qf3+ 33. Kg1 h5 34. Ra2 Qf6 35. h4 Rb8 36. Bd1 Qf7 37. Ra5 g6 38. Rac5 Rf8 39.
R5c2 Qf5 40. Rd2 Qa5 41. Rdc2 Qf5 42. Kg2 Kh7 43. Rd2 Qa5 44. Rb2 Qe1 45. Rcb1 Qa5 46. Be2 Qf5 47. Bf1 g5 48.
hxg5 h4 49. Kh1 Qxg5 50. Bg2 Qg4 51. gxh4 Rg8 52. f4 exf3 53. Rg1 Qg3 0-1

[Event "NJSK 2026 Jeugd B"]
[Site "Helmond, Netherlands"]
[Date "2026.04.28"]
[Round "4.8"]
[White "Etienne, Ghilon"]
[Black "Darie, Aden"]
[Result "1-0"]
[TimeControl "90min/40moves + 30min + 30sec/move"]
[WhiteTitle "-"]
[BlackTitle "-"]
[WhiteFideId "1084267"]
[BlackFideId "1094831"]
[WhiteElo "1976"]
[BlackElo "2150"]

1. Nf3 Nf6 2. g3 b5 3. a4 b4 4. c4 c5 5. Bg2 Bb7 6. O-O e6 7. e3 Qc7 8. b3 d5 9. cxd5 exd5 10.
d3 Be7 11. Nbd2 O-O 12. Bb2 Nc6 13. Re1 Nd7 14. d4 Na5 15. dxc5 Nxc5 16. Rc1 Qd8 17. Bf1 Bc6 18. Nd4 Bd7 19.
Qf3 Be6 20. Rc2 Ne4 21. Nxe6 fxe6 22. Qg4 Nc3 23. Qxe6+ Kh8 24. Bd3 Rc8 25. Qh3 h6 26. Qg4 Qb6 27. Nb1 Qf6 28. Qg6 Qxg6 29.
Bxg6 Rf6 30. Bd3 Rfc6 31. Bxc3 bxc3 32. Bb5 R6c7 33. Ba6 Rb8 34. Rxc3 Rxc3 35. Nxc3 Bb4 36. Rc1 Nxb3 37. Rc2 d4 38.
Nd5 dxe3 39. fxe3 Ba5 40. Rb2 Rd8 41. Bc4 Nd2 42. Ba2 Rd7 43. Rb8+ Kh7 44. Kg2 Kg6 45. Rf8 Bc7 46. Rf2 Ba5 47. Rf8 Bc7 48. e4 h5 49.
e5 Rd8 50. Rf2 Ba5 51. e6 Re8 52. e7 Ne4 53. Bb1 1-0

[Event "NJSK 2026 Jeugd B"]
[Site "Helmond, Netherlands"]
[Date "2026.04.28"]
[Round "4.9"]
[White "Roebers, Bregje"]
[Black "Van Haaften, Jelle"]
[Result "1/2-1/2"]
[TimeControl "90min/40moves + 30min + 30sec/move"]
[WhiteTitle "-"]
[BlackTitle "-"]
[WhiteFideId "1085174"]
[BlackFideId "1096281"]
[WhiteElo "1945"]
[BlackElo "1882"]

1. e4 c6 2. d3 d5 3. Bf4 dxe4 4. Nc3 exd3 5. Bxd3 Nf6 6. Nf3 Bg4 7. h3 Bh5 8. Qe2 e6 9. O-O-O Nbd7 10.
g4 Bg6 11. Bxg6 hxg6 12. Ne5 Be7 13. Ne4 Qa5 14. Nxf7 O-O 15. Nxf6+ Bxf6 16. Rxd7 Bxb2+ 17. Kxb2 Qb4+ 18. Ka1 Qc3+ 19.
Kb1 Qb4+ 20. Ka1 Qc3+ 21. Kb1 Qb4+ 22. Ka1 1/2-1/2

[Event "NJSK 2026 Jeugd B"]
[Site "Helmond, Netherlands"]
[Date "2026.04.28"]
[Round "4.10"]
[White "Yantur, Arda"]
[Black "Okita, Shinsaku"]
[Result "0-1"]
[TimeControl "90min/40moves + 30min + 30sec/move"]
[WhiteTitle "-"]
[BlackTitle "-"]
[WhiteFideId "40102041"]
[BlackFideId "1094823"]
[WhiteElo "1750"]
[BlackElo "1899"]

1. e4 c5 2. c3 Nc6 3. d4 cxd4 4. cxd4 d5 5. Bb5 a6 6. Bxc6+ bxc6 7. Nc3 dxe4 8. Nxe4 Nf6 9. Ng3 c5 10.
N1e2 cxd4 11. Qxd4 Qxd4 12. Nxd4 e5 13. Nc2 Bd6 14. O-O O-O 15. b3 Be6 16. Ba3 Rfd8 17. Bxd6 Rxd6 18. Ne3 Kf8 19.
Rac1 Rd2 20. Rc2 Rad8 21. Rfc1 Ng4 22. Rxd2 Rxd2 23. Rc2 Rd6 24. Nxg4 Rd1+ 25. Nf1 Bxg4 26. f3 Bf5 27. Rd2 Rxd2 28.
Nxd2 Ke7 29. Kf2 Be6 30. Ke3 f5 31. Kd3 Kd6 32. a3 Kd5 33. Ke3 g5 34. g3 f4+ 35. gxf4 exf4+ 36. Kd3 Bf5+ 37.
Ke2 Kd4 38. b4 g4 39. Kf2 Be6 40. fxg4 Bxg4 41. Nb3+ Kc4 42. Nc5 Kb5 43. Nd3 Ka4 44. Nc5+ Kb5 45. Nd3 Bf5 46. Nxf4 Ka4 47.
Ke3 Kxa3 48. Nd5 Be6 49. Nc3 Kxb4 50. Kd3 a5 51. Kd2 a4 52. Ne4 Bf5 53. Nd6 Bg6 54. Kc1 a3 55. h4 Kb3 56.
Nb5 a2 57. Nd4+ Kc4 58. Kb2 Kxd4 59. Kxa2 Ke4 60. Kb2 Kf4 61. Kc1 Kg4 62. h5 Bxh5 63. Kd1 Kg3+ 64. Ke1 Bf3 65. Kf1 h5 66.
Kg1 h4 67. Kf1 h3 0-1

[Event "NJSK 2026 Jeugd B"]
[Site "Helmond, Netherlands"]
[Date "2026.04.29"]
[Round "5.1"]
[White "Chua, Ethan"]
[Black "Baarspul, Bram"]
[Result "1-0"]
[TimeControl "90min/40moves + 30min + 30sec/move"]
[WhiteTitle "-"]
[BlackTitle "-"]
[WhiteFideId "1089250"]
[BlackFideId "40106187"]
[WhiteElo "2168"]
[BlackElo "2177"]

1. Nf3 c5 2. c4 Nf6 3. Nc3 Nc6 4. d4 cxd4 5. Nxd4 e6 6. a3 d5 7. cxd5 exd5 8. g3 Bc5 9. Be3 Bb6 10.
Na4 Bc7 11. Nxc6 bxc6 12. Bg2 O-O 13. O-O Re8 14. Rc1 Bd7 15. Bg5 h6 16. Bxf6 Qxf6 17. e4 Be5 18. Nc5 Rad8 19. Qa4 Bxb2 20.
Nxd7 Rxd7 21. Rxc6 Qe7 22. exd5 Bxa3 23. Rc3 Bc5 24. Rxc5 1-0

[Event "NJSK 2026 Jeugd B"]
[Site "Helmond, Netherlands"]
[Date "2026.04.29"]
[Round "5.2"]
[White "Aravindhan, Achyuth"]
[Black "Zecha, Oscar"]
[Result "1/2-1/2"]
[TimeControl "90min/40moves + 30min + 30sec/move"]
[WhiteTitle "-"]
[BlackTitle "-"]
[WhiteFideId "1084216"]
[BlackFideId "1073826"]
[WhiteElo "2277"]
[BlackElo "2120"]

1. e4 e5 2. Nf3 Nc6 3. Bc4 Bc5 4. d3 Nf6 5. a4 O-O 6. a5 d6 7. c3 a6 8. O-O Ba7 9. Be3 Nh5 10.
Nbd2 Qf6 11. Kh1 Bxe3 12. fxe3 Qh6 13. Qe1 Nf6 14. Qh4 Qxh4 15. Nxh4 Ng4 16. Rfe1 Be6 17. Kg1 Rfe8 18. Nhf3 Rad8 19.
Bxe6 Rxe6 20. b4 d5 21. exd5 Rxd5 22. Ne4 Rxd3 23. Nc5 Rxc3 24. Nxe6 fxe6 25. Rac1 Rxc1 26. Rxc1 Nxe3 27. b5 Nxa5 28. bxa6 bxa6 29.
Rxc7 Nac4 30. Ng5 g6 31. Nxe6 a5 32. Rg7+ Kh8 33. Rc7 h6 34. h4 a4 35. Rc8+ Kh7 36. Rc7+ Kg8 37. Rg7+ Kh8 38.
Rf7 a3 39. Rf8+ Kh7 40. Rf7+ Kg8 41. Rf8+ Kh7 42. Rf7+ Kg8 43. Rf8+ 1/2-1/2

[Event "NJSK 2026 Jeugd B"]
[Site "Helmond, Netherlands"]
[Date "2026.04.29"]
[Round "5.3"]
[White "Grooten, Tommy"]
[Black "Teianu, Maxim"]
[Result "1/2-1/2"]
[TimeControl "90min/40moves + 30min + 30sec/move"]
[WhiteTitle "-"]
[BlackTitle "-"]
[WhiteFideId "1068806"]
[BlackFideId "40101967"]
[WhiteElo "2347"]
[BlackElo "2024"]

1. g3 d5 2. Nf3 g6 3. Bg2 Bg7 4. d4 c6 5. c4 dxc4 6. a4 Nf6 7. Na3 a5 8. Nxc4 O-O 9. O-O Nd5 10.
e4 Nb4 11. Be3 Nd7 12. Qd2 Nf6 13. Nfe5 Ra6 14. Rfc1 b6 15. Qe2 Bb7 16. Rd1 e6 17. b3 Qe7 18. f3 Ne8 19. Rac1 Nd6 20.
Nd3 Nxc4 21. Rxc4 Nxd3 22. Qxd3 Raa8 23. Qc2 Rac8 24. Qc1 Rfd8 25. Bg5 Bf6 26. Bxf6 Qxf6 27. f4 Qe7 28. Rd2 Rd7 29.
Rdc2 Rcd8 30. Qe3 b5 31. Rc5 Rxd4 32.
h3 bxa4 33. bxa4 Rxa4 34. e5 Qd7 35. Kh2 Qd4 36. Qxd4 Rdxd4 37. Bxc6 Bxc6 38. Rxc6 Kg7 39. Ra6 Ra3 40. h4 Rdd3 41. Rg2 h5 42. Ra7 Rdb3 43. Ra8 1/2-1/2

[Event "NJSK 2026 Jeugd B"]
[Site "Helmond, Netherlands"]
[Date "2026.04.29"]
[Round "5.4"]
[White "Hallibert, Emilien"]
[Black "Groenewoud, Joel"]
[Result "0-1"]
[TimeControl "90min/40moves + 30min + 30sec/move"]
[WhiteTitle "-"]
[BlackTitle "-"]
[WhiteFideId "1092561"]
[BlackFideId "1087746"]
[WhiteElo "1975"]
[BlackElo "2114"]

1. Nf3 Nf6 2. c4 g6 3. Nc3 Bg7 4. g3 O-O 5. Bg2 d6 6. O-O c5 7. d3 Nc6 8. a3 e6 9. e3 d5 10.
cxd5 exd5 11. d4 Ne4 12. Bd2 Be6 13. Rc1 Rc8 14. b4 Nxd2 15. Qxd2 cxb4 16. axb4 Nxb4 17. Na4 Rxc1 18. Rxc1 a5 19.
Qe2 Bd7 20. Nc5 Bc6 21. Ne1 Qd6 22. Qb2 Ra8 23. Nc2 Qxc5 24. Qa3 Qb6 25. Rb1 Nxc2 0-1

[Event "NJSK 2026 Jeugd B"]
[Site "Helmond, Netherlands"]
[Date "2026.04.29"]
[Round "5.5"]
[White "Etienne, Ghilon"]
[Black "Kurt, Sascha"]
[Result "0-1"]
[TimeControl "90min/40moves + 30min + 30sec/move"]
[WhiteTitle "-"]
[BlackTitle "-"]
[WhiteFideId "1084267"]
[BlackFideId "1082647"]
[WhiteElo "1976"]
[BlackElo "2280"]

1. Nf3 Nf6 2. g3 g6 3. Bg2 Bg7 4. O-O O-O 5. d3 c5 6. e4 Nc6 7. Be3 Ng4 8. Bc1 d6 9. h3 Nf6 10.
Nc3 Rb8 11. a4 a6 12. Be3 b5 13. axb5 axb5 14. Qc1 b4 15. Nd5 Nd7 16. Bh6 Nd4 17. Nxd4 cxd4 18. Bd2 e6 19. Nxb4 Qb6 20.
b3 Nc5 21. Qa3 Qc7 22. Qb2 Bb7 23. Ra3 f5 24. exf5 Bxg2 25. Kxg2 Rxb4 26. Bxb4 Qb7+ 27. Kg1 Qxb4 28. fxg6 hxg6 29.
Ra7 Qd2 30. b4 Nxd3 31. Rxg7+ Kxg7 32. Qxd4+ Ne5 33. Qxd2 Nf3+ 34. Kg2 Nxd2 35. Rd1 Nc4 36. Ra1 Kf6 37. Ra7 Rc8 38. Kf1 Ne5 39.
Ra2 Nc6 40. c3 Ne7 41. Ra6 Ke5 42. f4+ Kd5 43. Ra7 Nf5 44. g4 Ng3+ 45. Kg2 Ne2 46. Ra5+ Ke4 47. f5 exf5 48. gxf5 gxf5 49.
Ra6 Nf4+ 50. Kh2 Rxc3 51. Rxd6 Rxh3+ 52. Kg1 Rb3 53. Rb6 Kf3 54. Rb8 Rb1+ 55. Kh2 Rb2+ 56. Kh1 Nh5 0-1

[Event "NJSK 2026 Jeugd B"]
[Site "Helmond, Netherlands"]
[Date "2026.04.29"]
[Round "5.6"]
[White "Wierenga, Luuk"]
[Black "Frederiks, Jesse"]
[Result "0-1"]
[TimeControl "90min/40moves + 30min + 30sec/move"]
[WhiteTitle "-"]
[BlackTitle "-"]
[WhiteFideId "1094874"]
[BlackFideId "1095790"]
[WhiteElo "1977"]
[BlackElo "2018"]

1. d4 Nf6 2. Nf3 e6 3. g3 b5 4. Bg2 Bb7 5. O-O Be7 6. Bg5 O-O 7. Qd3 Be4 8. Qxb5 Nc6 9. Qa4 Rb8 10.
Bxf6 Bxf6 11. Nbd2 Bxf3 12. Nxf3 Rxb2 13. Rab1 Qb8 14. Rxb2 Qxb2 15. e3 Rb8 16. Ne5 Nxe5 17. dxe5 Bxe5 18. Qxa7 d5 19. a4 h6 20.
a5 c6 21. Qc5 Qb5 22. Qxb5 Rxb5 23. Rc1 Rxa5 24. c4 Rc5 25. Bf1 Kf8 26. f4 Bf6 27. Kf2 Ke7 28. Kf3 e5 29. fxe5 Bxe5 30.
e4 dxc4 31. Rxc4 Kd6 32. Rxc5 Kxc5 33. Ke3 Kb4 34. Kd2 c5 35. Ba6 c4 36. Kc2 Kc5 37. Bb7 Kd4 38. Bd5 f5 39. Bxc4 Kxc4 40.
exf5 Kd4 41. Kd2 Ke4 42. Ke2 Kxf5 43. Kf3 Bb8 44. h3 Bc7 45. h4 h5 0-1

[Event "NJSK 2026 Jeugd B"]
[Site "Helmond, Netherlands"]
[Date "2026.04.29"]
[Round "5.7"]
[White "Okita, Shinsaku"]
[Black "De Jong, Lode"]
[Result "0-1"]
[TimeControl "90min/40moves + 30min + 30sec/move"]
[WhiteTitle "-"]
[BlackTitle "-"]
[WhiteFideId "1094823"]
[BlackFideId "40101860"]
[WhiteElo "1899"]
[BlackElo "1902"]

1. d4 Nf6 2. Nf3 e6 3. Bf4 c5 4. c3 d5 5. e3 Nc6 6. Nbd2 Nh5 7. Bg5 f6 8. Bh4 g6 9. Be2 cxd4 10.
Nxd4 Ng7 11. f4 Be7 12. e4 Nxd4 13. cxd4 dxe4 14. Nxe4 Bb4+ 15. Nc3 O-O 16. O-O Nf5 17. Bf2 Qd6 18.
g4 Ne7 19. Be3 Nd5 20. Nxd5 exd5 21. Bf3 Ba5 22. Bg2 Re8 23. Qf3 Bxg4 24. Qxd5+ Qxd5 25. Bxd5+ Kf8 26. Kf2 Rad8 27. Bf3 Bxf3 28.
Kxf3 Bb6 29. Rfd1 Rd5 30. Rac1 Ke7 31. b4 Rb5 32. Rc4 Kd6 33. a4 Rh5 34. Bg1 Rh3+ 35. Kg2 Rb3 36. a5 Bd8 37.
d5 a6 38. Bc5+ Kd7 39. Rd2 f5 40. d6 Re4 41. Bd4 Rxf4 42. Rc5 Rxb4 43. Be5 Rfc4 44. Rc7+ Bxc7 45. dxc7+ Ke6 46. Re2 Rc6 47. Bd4+ Kd7 48. Rd2 Rxd4 49. Rxd4+ Kxc7 50. Rd5 b6 51. axb6+ Kxb6 0-1